[Event "Titled Tuesday Blitz January 03 Early 2023"]
[White "Zaksaite, Salomeja"]
[Black "Ciuffoletti, Paolo"]
[WhiteFideId "12801496"]
[BlackFideId "807630"]
[WhiteElo "2283"]
[BlackElo "2106"]
[Result "1-0"]
[Round "11"]
[TimeControl "180+2"]
[Date "2023.01.03"]
[WhiteClock "0:00:07"]
[BlackClock "0:00:04"]

1. e4 c5 2. Nf3 Nc6 3. Bb5 e6 4. O-O Nge7 5. b3 a6 6. Bxc6 Nxc6 7. Bb2 f6 8. d4 cxd4 9. Nxd4 Be7 10. Qh5+ g6 11. Qh6 Bf8 12. Qh4 Bg7 13. Rd1 Nxd4 14. Bxd4 O-O 15. c4 Qc7 16. Nc3 d6 17. Rac1 Bd7 18. Qg3 Bc6 19. c5 Rfd8 20. cxd6 Qxd6 21. Bb6 Qxg3 22. hxg3 Bh6 23. Bxd8 Bxc1 24. Bxf6 Bb2 25. f3 Kf7 26. Be5 Rc8 27. Rd2 Bxc3 28. Bxc3 Bxe4 29. fxe4 Rxc3 30. Rd7+ Kf6 31. Rxb7 Rc2 32. a4 Rb2 33. b4 Ke5 34. b5 axb5 35. Rxb5+ Rxb5 36. axb5 Kd6 37. Kf2 Kc5 38. Ke3 Kxb5 39. Kd4 Kc6 40. Ke5 Kd7 41. Kf6 Kd6 42. g4 Kd7 43. e5 h5 44. g5 Kc6 45. Kxe6 1-0


[Site "https://www.chess.com"]

[Event "Titled Tuesday Blitz January 03 Early 2023"]
[White "Martinez, Shawn"]
[Black "Hartikainen, Jarmo"]
[WhiteFideId "2039770"]
[BlackFideId "503134"]
[WhiteElo "1881"]
[BlackElo "2108"]
[Result "1-0"]
[Round "11"]
[TimeControl "180+2"]
[Date "2023.01.03"]
[WhiteClock "0:01:26"]
[BlackClock "0:00:13"]

1. e4 c5 2. Nc3 e6 3. g3 d5 4. Bg2 d4 5. Nce2 e5 6. d3 Nc6 7. f4 f6 8. Nf3 Bd6 9. O-O Be6 10. c3 Qd7 11. cxd4 cxd4 12. a3 Nge7 13. b4 O-O 14. f5 Bf7 15. g4 h6 16. h4 Rfc8 17. Ng3 Kf8 18. g5 hxg5 19. hxg5 a5 20. b5 Na7 21. a4 Ke8 22. Nh4 Rc3 23. Nh5 Bxh5 24. Qxh5+ Kd8 25. Bb2 Rc2 26. Rf2 Rac8 27. gxf6 gxf6 28. Qh8+ Qe8 29. Qxf6 Rxf2 30. Qxd6+ Qd7 31. Qxd7+ Kxd7 32. Kxf2 Rc2+ 33. Kg3 Rxb2 34. f6 Nec8 35. f7 Ke7 36. Rf1 Kf8 37. Ng6+ Kg7 38. f8=Q+ Kxg6 39. Qf7+ Kg5 40. Qf6+ Kh5 41. Bf3# 1-0


[Site "https://www.chess.com"]

[Event "Titled Tuesday Blitz January 03 Early 2023"]
[White "Zainullina, Nataliya"]
[Black "Slovineanu"]
[WhiteFideId "4145488"]
[WhiteElo "2099"]
[BlackElo "2294"]
[Result "1-0"]
[Round "11"]
[TimeControl "180+2"]
[Date "2023.01.03"]
[WhiteClock "0:00:29"]
[BlackClock "0:00:01"]

1. Nf3 d5 2. d4 c6 3. Bf4 g6 4. e3 Bg7 5. Bd3 Nd7 6. O-O f6 7. Bg3 e5 8. dxe5 Nxe5 9. Nxe5 fxe5 10. e4 dxe4 11. Bxe4 Qxd1 12. Rxd1 Be6 13. Nc3 Ne7 14. Rd6 Bf5 15. Rad1 O-O 16. Bxf5 Nxf5 17. Rd7 Nxg3 18. hxg3 Rf7 19. Ne4 b6 20. Rxf7 Kxf7 21. Rd7+ Kg8 22. Kf1 Bh6 23. Ke2 Bc1 24. Nf6+ Kf8 25. Rxh7 Rd8 26. Rh8+ Ke7 27. Rxd8 Kxd8 28. b3 Ke7 29. Ne4 Ke6 30. Kd3 b5 31. a4 a6 32. Nc5+ Kd5 33. Nxa6 e4+ 34. Kc3 Ba3 35. Nb4+ Kc5 36. Na2 b4+ 37. Kd2 Kd4 38. g4 g5 39. Ke2 c5 40. a5 Kd5 41. a6 Kc6 42. c3 Kb6 43. Ke3 Kxa6 44. Kxe4 Bc1 45. cxb4 Kb5 46. bxc5 Ba3 47. b4 1-0


[Site "https://www.chess.com"]

[Event "Titled Tuesday Blitz January 03 Early 2023"]
[White "Johnson, Ben"]
[Black "Makhmudov, Shukhrat"]
[WhiteFideId "2010917"]
[BlackFideId "14200775"]
[WhiteElo "1961"]
[BlackElo "2115"]
[Result "0-1"]
[Round "11"]
[TimeControl "180+2"]
[Date "2023.01.03"]
[WhiteClock "0:00:04"]
[BlackClock "0:00:40"]

1. Nf3 d5 2. e3 Nf6 3. c4 e6 4. b3 c6 5. Bb2 Be7 6. Nc3 O-O 7. d4 Nbd7 8. Bd3 Bd6 9. O-O dxc4 10. bxc4 e5 11. Bf5 exd4 12. exd4 Re8 13. d5 cxd5 14. Nxd5 Nxd5 15. cxd5 Ne5 16. Nd4 Qh4 17. g3 Qf6 18. Bxc8 Raxc8 19. Rc1 Rxc1 20. Bxc1 Bc5 21. Nb3 Bb6 22. Kg2 Rd8 23. f4 Nc4 24. Qd3 Nd6 25. Bd2 Qf5 26. Qxf5 Nxf5 27. g4 Ne7 28. d6 Rxd6 29. Bb4 Rd7 30. Re1 Kf8 31. Nc5 Rd4 32. a3 a5 0-1


[Site "https://www.chess.com"]

[Event "Titled Tuesday Blitz January 03 Early 2023"]
[White "Aung Thant Zin"]
[Black "Barbot, Pierre"]
[WhiteFideId "13000063"]
[BlackFideId "663727"]
[WhiteElo "2268"]
[BlackElo "2458"]
[Result "0-1"]
[Round "11"]
[TimeControl "180+2"]
[Date "2023.01.03"]
[WhiteClock "0:00:04"]
[BlackClock "0:00:16"]

1. e4 c5 2. Nf3 Nc6 3. Bb5 g6 4. O-O Bg7 5. c3 Nf6 6. Re1 O-O 7. d4 d5 8. e5 Ne4 9. Nbd2 Bf5 10. h3 Qb6 11. Bxc6 bxc6 12. Nxe4 dxe4 13. Ng5 Rad8 14. g4 Bc8 15. Rxe4 cxd4 16. cxd4 c5 17. Be3 Qxb2 18. Qc1 Qb7 19. Rf4 cxd4 20. Bxd4 Qd5 21. Nf3 Bb7 22. Qc5 Qd7 23. Be3 Rc8 24. Qa5 Bh6 25. g5 Qxh3 26. gxh6 Bxf3 27. Rxf3 Qxf3 0-1


[Site "https://www.chess.com"]

[Event "Titled Tuesday Blitz January 03 Early 2023"]
[White "Van den Dikkenberg, Erik"]
[Black "Mohammadian, Mohammad"]
[WhiteFideId "1005880"]
[BlackFideId "12566055"]
[WhiteElo "2091"]
[BlackElo "1398"]
[Result "1-0"]
[Round "11"]
[TimeControl "180+2"]
[Date "2023.01.03"]
[WhiteClock "0:00:26"]
[BlackClock "0:00:17"]

1. e4 e5 2. Nf3 Nc6 3. d4 exd4 4. Nxd4 Bc5 5. Nb3 Bb6 6. Nc3 d6 7. Qe2 Be6 8. Be3 Nf6 9. O-O-O Qe7 10. Bg5 h6 11. Be3 Bxe3+ 12. Qxe3 O-O-O 13. Bb5 Bd7 14. Bxc6 Bxc6 15. Qxa7 Nxe4 16. Nd5 Bxd5 17. Rxd5 Nxf2 18. Qxf2 Qe4 19. Rhd1 Rde8 20. Qf5+ Qxf5 21. Rxf5 f6 22. Kd2 Re6 23. Re1 Rhe8 24. Rxe6 Rxe6 25. Nd4 Re4 26. c3 Kd7 27. Rf3 c5 28. Nf5 Rg4 29. g3 h5 30. Rd3 g6 31. Nxd6 Kc6 32. Ne8 f5 33. Nf6 Rg5 34. h4 Rg4 35. Nxg4 hxg4 36. Ke3 b5 37. Kf4 c4 38. Rd4 Kc5 39. a3 b4 40. axb4+ Kb5 41. Kg5 Ka4 42. Rxc4 Kb3 43. Rf4 Kxb2 44. b5 Kxc3 45. b6 Kd3 46. Kxg6 Ke3 47. Kxf5 Kd3 48. Kxg4 Kc3 49. h5 Kb3 50. h6 Kc3 51. h7 1-0


[Site "https://www.chess.com"]

[Event "Titled Tuesday Blitz January 03 Early 2023"]
[White "Vargas, Mauricio"]
[Black "Gonzalez, Francisco Silva"]
[WhiteFideId "4404572"]
[BlackFideId "1512285"]
[WhiteElo "2035"]
[BlackElo "2021"]
[Result "0-1"]
[Round "11"]
[TimeControl "180+2"]
[Date "2023.01.03"]
[WhiteClock "0:00:05"]
[BlackClock "0:01:41"]

1. e4 e5 2. g3 h5 3. h3 Bc5 4. Bg2 d6 5. a4 a6 6. Nc3 Nc6 7. Nf3 Be6 8. d3 Nge7 9. O-O Qd7 10. Kh2 f6 11. Nh4 g5 12. Nf3 g4 13. Nh4 gxh3 14. Bf3 Bg4 15. Nd5 Nxd5 16. exd5 Nd4 17. Bxg4 hxg4 18. c3 Nf3+ 19. Nxf3 gxf3 20. Qxf3 O-O-O 21. b4 Bb6 22. a5 Ba7 23. Be3 Kb8 24. c4 f5 25. Rfb1 Bxe3 26. Qxe3 f4 27. Qe4 fxg3+ 28. fxg3 Rdf8 29. Qe3 Qg4 30. Rf1 Rf5 31. b5 Rhf8 32. Rxf5 Qxf5 33. bxa6 bxa6 34. Rb1+ Ka8 35. Rb2 Qf1 36. c5 Rf3 0-1


[Site "https://www.chess.com"]

[Event "Titled Tuesday Blitz January 03 Early 2023"]
[White "Ocelak, Jakub"]
[Black "Mitrovic, Darko R"]
[WhiteFideId "23707933"]
[BlackFideId "927023"]
[WhiteElo "2198"]
[BlackElo "2220"]
[Result "1-0"]
[Round "11"]
[TimeControl "180+2"]
[Date "2023.01.03"]
[WhiteClock "0:00:24"]
[BlackClock "0:00:02"]

1. b3 d5 2. Bb2 Nf6 3. Nf3 g6 4. g3 Bg7 5. Bg2 O-O 6. O-O c5 7. e3 Nc6 8. d4 cxd4 9. Nxd4 Nxd4 10. Bxd4 Bg4 11. Qc1 Qd7 12. Nd2 Bh3 13. Qb2 Bxg2 14. Kxg2 b6 15. Rfd1 Nh5 16. Nf3 Qb7 17. Rd2 e6 18. g4 Bxd4 19. Qxd4 Ng7 20. h4 h5 21. gxh5 Nxh5 22. Rg1 Qe7 23. Kf1 Qf6 24. Qg4 Ng7 25. h5 Qf5 26. hxg6 Qxg4 27. Rxg4 f6 28. Ke2 Rac8 29. Kd1 Nf5 30. Nd4 Nxd4 31. Rdxd4 Kg7 32. f4 Rc3 33. Rd3 1-0


[Site "https://www.chess.com"]

[Event "Titled Tuesday Blitz January 03 Early 2023"]
[White "Eisa Mohmood, Alkhoori"]
[Black "Lauridsen, Jesper Morch"]
[WhiteFideId "9316116"]
[BlackFideId "1401890"]
[WhiteElo "1095"]
[BlackElo "2309"]
[Result "0-1"]
[Round "11"]
[TimeControl "180+2"]
[Date "2023.01.03"]
[WhiteClock "0:02:33"]
[BlackClock "0:02:01"]

1. d4 Nf6 2. g3 g6 3. Bg2 Bg7 4. e4 d6 5. Ne2 O-O 6. O-O e5 7. c4 exd4 8. Nxd4 Nbd7 9. Nc3 Nc5 10. b4 Ne6 11. Nde2 c6 12. Bb2 Ng4 13. Bh3 Ne5 14. Qb3 Nf3+ 15. Kh1 Ned4 16. Nxd4 Nxd4 0-1


[Site "https://www.chess.com"]

[Event "Titled Tuesday Blitz January 03 Early 2023"]
[White "Larina, Maria"]
[Black "monkins"]
[WhiteFideId "24113182"]
[WhiteElo "1948"]
[BlackElo "2242"]
[Result "0-1"]
[Round "11"]
[TimeControl "180+2"]
[Date "2023.01.03"]
[WhiteClock "0:00:19"]
[BlackClock "0:00:34"]

1. e4 c5 2. Nc3 g6 3. g3 Bg7 4. Bg2 Nc6 5. d3 e5 6. Be3 d6 7. Nge2 Nge7 8. O-O O-O 9. Nd5 Nxd5 10. exd5 Nd4 11. c3 Nxe2+ 12. Qxe2 f5 13. f4 Qe7 14. Qf2 Bd7 15. Rfe1 exf4 16. Bxf4 Qf6 17. Re2 Rae8 18. Rae1 Rxe2 19. Rxe2 Kf7 20. h4 Re8 21. Rxe8 Kxe8 22. Qe3+ Qe7 23. Qf3 b5 24. Bg5 Bf6 25. Bf4 Kf7 26. Kh2 a5 27. h5 g5 28. Bd2 h6 29. Be3 b4 30. d4 cxd4 31. Bxd4 Be5 32. Bh3 Qf6 33. Bxe5 Qxe5 34. Bg2 Kf6 35. Qd3 bxc3 36. bxc3 Be8 37. Qf3 Bf7 38. c4 f4 39. gxf4 Qxf4+ 40. Qxf4+ gxf4 41. Bf3 Ke5 42. Kh3 Kd4 43. Kg4 Kxc4 44. Kxf4 Bxd5 45. Bxd5+ Kxd5 46. Kf5 Kc4 47. Kg6 d5 48. Kxh6 d4 49. Kg7 d3 50. h6 d2 51. h7 d1=Q 52. h8=Q Qd4+ 53. Kg8 Qxh8+ 54. Kxh8 a4 55. Kg7 a3 56. Kf6 Kc3 57. Ke5 Kb2 58. Kd4 Kxa2 59. Kc3 Kb1 60. Kb3 a2 0-1


[Site "https://www.chess.com"]

[Event "Titled Tuesday Blitz January 03 Early 2023"]
[White "Kniazev, Igor"]
[Black "Broca Jimenez, Fernando"]
[WhiteFideId "4136349"]
[BlackFideId "5104742"]
[WhiteElo "2057"]
[BlackElo "2075"]
[Result "0-1"]
[Round "11"]
[TimeControl "180+2"]
[Date "2023.01.03"]
[WhiteClock "0:00:01"]
[BlackClock "0:01:05"]

1. e4 c5 2. f4 d5 3. exd5 Qxd5 4. Nc3 Qd8 5. Nf3 Nf6 6. Bc4 Nc6 7. O-O e6 8. d3 Be7 9. Be3 b6 10. Bb5 Bb7 11. Ne5 Qc7 12. Ne4 O-O 13. Nxc6 Bxc6 14. Bxc6 Qxc6 15. Nxf6+ Bxf6 16. c3 Rad8 17. Qe2 Rd7 18. Rad1 Rfd8 19. f5 exf5 20. Rxf5 Re8 21. Qf2 Rde7 22. Bd2 Re2 23. Qf1 Qe6 24. Rf2 Re5 25. a3 Rd5 26. Bf4 Qd7 27. Rf3 Rd8 28. h3 g6 29. Kh1 Bg7 30. Bh2 f5 0-1


[Site "https://www.chess.com"]

[Event "Titled Tuesday Blitz January 03 Early 2023"]
[White "Fernandez Hernandez, Gerardo"]
[Black "Suduvasachmatai"]
[WhiteFideId "2207400"]
[WhiteElo "2181"]
[BlackElo "2107"]
[Result "0-1"]
[Round "11"]
[TimeControl "180+2"]
[Date "2023.01.03"]
[WhiteClock "0:00:02"]
[BlackClock "0:00:03"]

1. e4 c5 2. d3 d5 3. Nd2 Nc6 4. g3 e6 5. Bg2 Nf6 6. Ngf3 Bd6 7. O-O O-O 8. Re1 Qc7 9. Qe2 dxe4 10. dxe4 e5 11. c3 Bg4 12. h3 Bh5 13. g4 Bg6 14. Nh4 Rad8 15. Nc4 Be7 16. Nf5 Bxf5 17. exf5 Rfe8 18. Bg5 h6 19. Bxc6 bxc6 20. Bxf6 Bxf6 21. Rad1 e4 22. Rxd8 Qxd8 23. Rd1 Qb8 24. Nd6 Rd8 25. Nxe4 Rxd1+ 26. Qxd1 Qxb2 27. Nxf6+ gxf6 28. Qb3 Qc1+ 29. Kg2 Qf4 30. Qc2 h5 31. Qe2 h4 32. Qf3 Qa4 33. Qe2 Kg7 34. Kg1 Qa3 35. Qd2 c4 36. Kg2 Qc5 37. g5 Qxf5 38. gxf6+ Qxf6 39. Kh2 Qe5+ 40. Kg1 Kg6 41. f4 Qc5+ 42. Kh2 Kg7 43. Qg2+ Kf8 44. Qg4 Qd6 45. Qxh4 Qd2+ 46. Kg3 Qxc3+ 47. Kg4 Qg7+ 48. Kf3 Qc3+ 49. Kg4 Qd3 50. Kg5 Qg6# 0-1


[Site "https://www.chess.com"]

[Event "Titled Tuesday Blitz January 03 Early 2023"]
[White "Necula, Iulian"]
[Black "Dos Santos, Emmanuel"]
[WhiteFideId "1232380"]
[BlackFideId "2103559"]
[WhiteElo "1851"]
[BlackElo "2261"]
[Result "1/2-1/2"]
[Round "11"]
[TimeControl "180+2"]
[Date "2023.01.03"]
[WhiteClock "0:00:02"]
[BlackClock "0:00:05"]

1. d4 d5 2. Nc3 Nf6 3. Bf4 e6 4. Nb5 Na6 5. Nf3 c6 6. Nc3 Bb4 7. a3 Bxc3+ 8. bxc3 Ne4 9. Qd3 Qa5 10. Bd2 O-O 11. Ng5 f5 12. f3 Nxd2 13. Qxd2 c5 14. e3 Bd7 15. Be2 Rac8 16. O-O cxd4 17. Qxd4 Qxc3 18. Qxa7 Nc5 19. Bd3 Nxd3 20. cxd3 Qxd3 21. Qd4 Qxd4 22. exd4 h6 23. Nh3 Rc4 24. Rfd1 Rfc8 25. Nf4 Ra4 26. Rd3 Rcc4 27. Ne2 Bb5 28. Kf2 Rc2 29. Re3 Rxd4 30. Ke1 Rdd2 31. Nd4 Bc4 32. Nxc2 Rxc2 33. Kd1 Rxg2 34. h4 Kf7 35. Re1 Rf2 36. f4 Rxf4 37. Kc2 Rxh4 38. Kc3 Re4 39. Rg1 b5 40. a4 bxa4 41. Rxa4 Rg4 42. Ra7+ Kf6 43. Rh1 Ke5 44. Re7 Kd6 45. Re8 Ke5 46. Re1+ Kf6 47. R8xe6+ Kg5 48. Re7 Kf4 49. Rf1+ Kg3 50. Re3+ Kh4 51. Rh1+ Kg5 52. Rhe1 f4 53. Re5+ Kh4 54. Rh1+ Kg3 55. Rhh5 Rg5 56. Rhxg5+ hxg5 57. Rxg5+ Kf3 58. Rxg7 Ke3 59. Re7+ Kf2 60. Kd4 f3 61. Rf7 Ke2 62. Re7+ Kf2 63. Rf7 Kg2 64. Ke3 Be2 65. Rg7+ Kf1 66. Rf7 Ke1 67. Kd4 f2 68. Rxf2 Kxf2 69. Kxd5 1/2-1/2


[Site "https://www.chess.com"]

[Event "Titled Tuesday Blitz January 03 Early 2023"]
[White "Pace, Christopher"]
[Black "Guevara Sanchez, Erick Marvin"]
[WhiteFideId "2610167"]
[BlackFideId "6700136"]
[WhiteElo "2053"]
[BlackElo "2073"]
[Result "0-1"]
[Round "11"]
[TimeControl "180+2"]
[Date "2023.01.03"]
[WhiteClock "0:00:41"]
[BlackClock "0:01:55"]

1. e4 c5 2. Nf3 Nc6 3. d4 cxd4 4. Nxd4 e5 5. Nf3 Nf6 6. Bc4 Nxe4 7. O-O Nf6 8. Re1 d6 9. Ng5 d5 10. Bb5 Bd6 11. c4 d4 12. f4 e4 13. Nxe4 O-O 14. Nxd6 Qxd6 15. b3 d3 16. Bb2 Ng4 17. b4 Nxb4 0-1


[Site "https://www.chess.com"]

[Event "Titled Tuesday Blitz January 03 Early 2023"]
[White "Flis, Pawel"]
[Black "KSho99"]
[WhiteFideId "1112864"]
[WhiteElo "1879"]
[BlackElo "2118"]
[Result "1-0"]
[Round "11"]
[TimeControl "180+2"]
[Date "2023.01.03"]
[WhiteClock "0:00:35"]
[BlackClock "0:00:22"]

1. e4 g6 2. d4 Bg7 3. Nc3 a6 4. a4 b6 5. Be3 Bb7 6. Bd3 e6 7. Nf3 Ne7 8. Qd2 h6 9. O-O d6 10. Ne2 Nd7 11. c3 g5 12. Ng3 Ng6 13. Nh5 Bf8 14. h3 Nf6 15. Nxf6+ Qxf6 16. Nh2 Be7 17. f4 gxf4 18. Bxf4 Nxf4 19. Rxf4 Qg7 20. Raf1 Bg5 21. Rg4 Qxd4+ 22. cxd4 Bxd2 23. Rg7 Be3+ 24. Kh1 Bxd4 25. Rgxf7 O-O-O 26. Ng4 Bxb2 27. Re7 Rd7 28. Rff7 Rxe7 29. Rxe7 Kd8 30. Rxe6 Re8 31. Rxh6 Bxe4 32. Bxa6 Rf8 33. Re6 Rf1+ 34. Bxf1 1-0


[Site "https://www.chess.com"]

[Event "Titled Tuesday Blitz January 03 Early 2023"]
[White "Tarnowska, Aleksandra"]
[Black "Tuleyeva-Aketayeva, Dana"]
[WhiteFideId "1180967"]
[BlackFideId "13701932"]
[WhiteElo "1835"]
[BlackElo "2130"]
[Result "0-1"]
[Round "11"]
[TimeControl "180+2"]
[Date "2023.01.03"]
[WhiteClock "0:00:01"]
[BlackClock "0:00:19"]

1. e4 c5 2. Nf3 Nc6 3. Bb5 g6 4. O-O Bg7 5. c3 Nf6 6. e5 Nd5 7. d4 cxd4 8. cxd4 O-O 9. Nc3 Nc7 10. Bc4 d6 11. Qe2 Bg4 12. exd6 exd6 13. h3 Nxd4 14. Qe4 Nxf3+ 15. gxf3 Bxh3 16. Rd1 Bf5 17. Qxb7 Ne6 18. Qd5 Qh4 19. Qxd6 Rad8 20. Qg3 Rxd1+ 21. Nxd1 Qxc4 22. Ne3 Qb5 23. a4 Qa5 24. Nxf5 Qxf5 25. f4 Rd8 26. Be3 a6 27. Re1 Bxb2 28. Bb6 Rc8 29. Be3 Ng7 30. a5 Nh5 31. Qg5 Qh3 32. Rd1 Qf3 33. Rd8+ Rxd8 34. Qxd8+ Kg7 35. Bd4+ Bxd4 36. Qxd4+ Nf6 37. Kf1 Qh1+ 38. Ke2 Qh5+ 39. Ke3 Qxa5 40. Qd6 Qc3+ 41. Ke2 Qc2+ 42. Ke1 Qe4+ 43. Kf1 a5 0-1


[Site "https://www.chess.com"]

[Event "Titled Tuesday Blitz January 03 Early 2023"]
[White "Tharushi, T H D Niklesha"]
[Black "Blindsplieler"]
[WhiteFideId "9918264"]
[WhiteElo "1570"]
[BlackElo "2071"]
[Result "1-0"]
[Round "11"]
[TimeControl "180+2"]
[Date "2023.01.03"]
[WhiteClock "0:01:09"]
[BlackClock "0:00:23"]

1. e4 e5 2. Nf3 Nc6 3. Bc4 Nf6 4. d3 Bc5 5. c3 a6 6. O-O d6 7. a4 Ba7 8. b4 O-O 9. Na3 h6 10. b5 Ne7 11. Be3 Ng6 12. Bxa7 Rxa7 13. a5 Nf4 14. Qb3 Be6 15. b6 cxb6 16. axb6 Ra8 17. g3 Bxc4 18. Nxc4 Nxd3 19. Rad1 Nc5 20. Qb4 Nfxe4 21. Nxd6 Qf6 22. Nxe4 Qxf3 23. Nxc5 f5 24. Nd7 f4 25. Nxf8 Rxf8 26. Qc4+ Kh8 27. Qd3 Qg4 28. Qd7 Qh5 29. Qe7 Rf7 30. Rd8+ Kh7 31. Qe8 f3 32. Qh8+ Kg6 33. Rd6+ Kg5 34. h4+ Kf5 35. Qc8+ Ke4 36. Qc4+ Kf5 37. Qe6+ Ke4 38. Re1# 1-0


[Site "https://www.chess.com"]

[Event "Titled Tuesday Blitz January 03 Early 2023"]
[White "Simonovic, Miroslav"]
[Black "Steenbekkers, Franck"]
[WhiteFideId "919152"]
[BlackFideId "1004220"]
[WhiteElo "2082"]
[BlackElo "2164"]
[Result "1/2-1/2"]
[Round "11"]
[TimeControl "180+2"]
[Date "2023.01.03"]
[WhiteClock "0:00:04"]
[BlackClock "0:00:06"]

1. d4 Nf6 2. Bg5 d5 3. Bxf6 gxf6 4. e3 c5 5. c4 e5 6. dxe5 d4 7. exf6 Qxf6 8. exd4 cxd4 9. Nf3 Bb4+ 10. Nbd2 O-O 11. Bd3 Re8+ 12. Kf1 Bg4 13. Ne4 Qf4 14. h3 Bh5 15. g4 Bg6 16. Ng3 Re3 17. Bxg6 Rxf3 18. Bxh7+ Kxh7 19. Qe2 Qxg3 20. Rg1 Qxh3+ 21. Rg2 Nc6 22. Qe4+ Kg8 23. Kg1 d3 24. Qd5 d2 25. Qg5+ Kf8 26. Rh2 Re8 27. Rxh3 Rxh3 28. Kg2 Re1 29. Kxh3 Rxa1 30. Qh6+ Ke8 31. Qe3+ Kf8 32. Qh6+ Ke8 33. Qe3+ Kf8 34. Qh6+ 1/2-1/2